[Event "Team 45 45 League T59"]
[Site "Internet Chess Club"]
[Date "2013.12.19"]
[Round "5"]
[White "Goli"]
[Black "Baseta"]
[Result "1/2-1/2"]
[WhiteElo "1857"]
[BlackElo "1818"]
[Opening "French: exchange variation"]
[ECO "C01"]
[Time "17:00:15"]
[TimeControl "2700+45"]

1. e4 e6 2. d4 d5 3. exd5 exd5 4. Bd3 Nc6 5. Ne2 Bd6 6. Nbc3 Nf6 7. Bg5 Be7 8.
Qd2 Bg4 9. f3 Bh5 10. O-O-O Qd7 11. Rde1 O-O-O 12. Nf4 Bg6 13. Bxg6 hxg6 14. h4
Bb4 15. a3 Bxc3 16. Qxc3 Rde8 17. Nd3 Rxe1+ 18. Rxe1 Re8 19. Ne5 Qe6 20. Kd1
Nxe5 21. Rxe5 Qd7 22. Rxe8+ Qxe8 23. Bxf6 gxf6 24. Qe1 Qxe1+ 25. Kxe1 f5 26. g4
Kd7 27. gxf5 gxf5 28. Kf2 f4 29. Kg2 Ke6 30. Kh3 Kf5 31. b3 a5 32. c3 b5 33. h5
Kg5 34. h6 Kxh6 35. Kg4 Kg6 36. Kxf4 Kf6 37. Kg4 Kg6 38. Kf4 Kf6 39. Kg4 Kg6
{Game drawn by mutual agreement} 1/2-1/2

[Event "Team 45 45 League T59"]
[Site "Internet Chess Club"]
[Date "2013.12.26"]
[Round "5"]
[White "frank001"]
[Black "Inquisiteur"]
[Result "1-0"]
[WhiteElo "1808"]
[BlackElo "1639"]
[Opening "Queen's pawn: stonewall attack"]
[ECO "A45"]
[Time "23:00:49"]
[TimeControl "2700+45"]

1. d4 Nf6 2. e3 d5 3. Bd3 g6 4. Nd2 Bg7 5. f4 O-O 6. Ngf3 b6 7. O-O Ba6 8. Qe2
Bxd3 9. Qxd3 c5 10. c3 Nc6 11. Ne5 Qc7 12. a3 a5 13. h3 Nd7 14. Qe2 f6 15. Ng4
e5 16. fxe5 fxe5 17. dxe5 Ndxe5 18. Nxe5 Nxe5 19. Nf3 Nc4 20. Nd2 Nd6 21. Qd3
Qc6 22. Nf3 Ne4 23. Bd2 Rae8 24. Rad1 c4 25. Qc2 Ng3 26. Rf2 Ne4 27. Rff1 Ng3
28. Rf2 Bh6 29. Re1 Re4 30. Nd4 Qe8 31. Qc1 Re7 32. Nf3 Ne4 33. Rfe2 Qb8 34. Nh2
Ref7 35. Ng4 Bg7 36. Qc2 h5 37. Nh2 Qg3 38. Nf1 Qg5 39. Bc1 Rf2 40. Rxf2 Rxf2
41. Qxf2 Nxf2 42. Kxf2 Qf5+ 43. Kg1 h4 44. Nh2 Qc2 45. Nf3 Kf7 46. Nxh4 Be5 47.
Nf3 Bg3 48. Rf1 Bf4 49. exf4 {Black resigns} 1-0

[Event "Team 45 45 League T59"]
[Site "Internet Chess Club"]
[Date "2013.12.22"]
[Round "5"]
[White "Jack-ONeill"]
[Black "MeWantCookie"]
[Result "0-1"]
[WhiteElo "2069"]
[BlackElo "2107"]
[Opening "Sicilian: Pelikan, Chelyabinsk variation"]
[ECO "B41"]
[Time "15:04:42"]
[TimeControl "2700+45"]

1. e4 c5 2. Nf3 e6 3. d4 cxd4 4. Nxd4 Nf6 5. Nc3 Nc6 6. Ndb5 d6 7. Bf4 e5 8. Bg5
a6 9. Na3 b5 10. Nd5 Be7 11. Bxf6 Bxf6 12. c4 b4 13. Nc2 O-O 14. g3 a5 15. Bg2
Be6 16. O-O Bg5 17. Qd3 Rb8 18. b3 Qd7 19. Rad1 Rfd8 20. f4 exf4 21. gxf4 Bh4
22. Kh1 a4 23. Nce3 Ne7 24. Nxe7+ Qxe7 25. Qd2 g6 26. f5 Bc8 27. f6 Qe5 28. Nd5
Bg5 29. Qe1 Bb7 30. Nxb4 axb3 31. axb3 Bxf6 32. Nd3 Qe7 33. Qf2 Bg7 34. Qf4 Re8
35. Rfe1 Bc3 36. Re2 Bc6 37. Rb1 Rec8 38. Rc2 Bd4 39. b4 Ba4 40. Ra2 Be8 41. Rc1
Qe6 42. Ra6 Rxc4 43. Rb1 Bc6 44. b5 Rxb5 45. Rxb5 Bxb5 46. Rxd6 Qe7 47. h3 Ra4
48. e5 Bc5 49. Qxa4 Bxa4 50. Nxc5 Bb5 51. Ne4 Qxe5 52. Rd5 Qb2 53. Rd2 Qc1+ 54.
Kh2 Kg7 55. Rf2 f5 56. Nd2 Qe1 {White resigns} 0-1

[Event "Team 45 45 League T59"]
[Site "Internet Chess Club"]
[Date "2013.12.22"]
[Round "5"]
[White "LittleButton"]
[Black "Ptzz"]
[Result "1/2-1/2"]
[WhiteElo "1875"]
[BlackElo "2080"]
[Opening "Caro-Kann: exchange variation"]
[ECO "B13"]
[Time "06:16:42"]
[TimeControl "2700+45"]

1. e4 c6 2. d4 d5 3. exd5 cxd5 4. Bd3 Nc6 5. c3 Qc7 6. Ne2 Bg4 7. f3 Bd7 8. Na3
a6 9. Nc2 e5 10. dxe5 Nxe5 11. Bf4 Bd6 12. O-O Ne7 13. Qd2 O-O 14. Ned4 Nxd3 15.
Bxd6 Qxd6 16. Qxd3 Rfe8 17. Rae1 g6 18. Re2 Nc6 19. Nxc6 bxc6 20. b4 c5 21.
Rxe8+ Rxe8 22. Qd2 Bb5 23. Re1 Re6 24. bxc5 Qxc5+ 25. Nd4 Rxe1+ 26. Qxe1 Qc4 27.
Nxb5 Qxb5 28. Kf2 h5 29. Qd2 a5 30. g3 a4 31. h4 a3 32. g4 hxg4 33. fxg4 Qc4 34.
Kg3 Qe4 35. Qd4 Qe1+ 36. Kh3 Qh1+ 37. Kg3 Qe1+ 38. Kh3 Qa1 39. Qxd5 Qxc3+ 40.
Kg2 Kg7 41. g5 Qe3 42. Kh2 Qf2+ 43. Kh3 Qb2 {Game drawn by mutual agreement}
1/2-1/2

[Event "Team 45 45 League T59"]
[Site "Internet Chess Club"]
[Date "2013.12.30"]
[Round "5"]
[White "Holgate"]
[Black "zigzag2002"]
[Result "0-1"]
[WhiteElo "1959"]
[BlackElo "2017"]
[Opening "Sicilian: Najdorf"]
[ECO "B90"]
[Time "14:04:57"]
[TimeControl "2700+45"]

1. e4 c5 2. Nf3 d6 3. d4 cxd4 4. Nxd4 Nf6 5. Nc3 a6 6. f3 e5 7. Nb3 Be6 8. Be3
Be7 9. Qd2 h5 10. O-O-O Nbd7 11. Kb1 Qc7 12. h3 b5 13. Be2 h4 14. f4 O-O 15. f5
Bc4 16. Bf3 Rfc8 17. g4 hxg3 18. Rhg1 b4 19. Ne2 a5 20. Rxg3 a4 21. Nbc1 a3 22.
b3 Ba6 23. Rdg1 Bf8 24. Nd3 Rab8 25. Bh6 Ne8 26. Bxg7 Bxg7 27. Rxg7+ Nxg7 28.
Qh6 Qxc2+ 29. Ka1 Kf8 30. Qxd6+ Ke8 31. Qxa6 Rc6 32. Qa7 Qxd3 {White resigns}
0-1

[Event "Team 45 45 League T59"]
[Site "Internet Chess Club"]
[Date "2013.12.23"]
[Round "5"]
[White "zap2"]
[Black "Tobiasdelmonte"]
[Result "0-1"]
[WhiteElo "1737"]
[BlackElo "1674"]
[Opening "Benko's opening"]
[ECO "A00"]
[Time "14:01:39"]
[TimeControl "2700+45"]

1. g3 e5 2. Bg2 Nf6 3. d3 Bc5 4. e4 d6 5. Nf3 Bg4 6. h3 Bh5 7. O-O Nc6 8. c3 O-O
9. Nbd2 h6 10. Qe2 Re8 11. Re1 Qd7 12. Nf1 d5 13. g4 Bg6 14. Nh4 dxe4 15. dxe4
Ne7 16. Nf5 Bxf5 17. gxf5 Rad8 18. Be3 Bxe3 19. Nxe3 Qd2 20. Bf3 Qxe2 21. Rxe2
Rd3 22. Rd1 Red8 23. Rxd3 Rxd3 24. Kg2 c6 25. Nc4 Nd7 26. Rd2 Rxd2 27. Nxd2 b6
28. Nc4 f6 29. b4 Kf8 30. Nd6 b5 31. c4 bxc4 32. Nxc4 Nb6 33. Nb2 Nec8 34. Be2
Ke7 35. a4 Nd6 36. a5 Nd7 37. f3 Kd8 38. Kf2 Kc7 39. Ke3 Nf7 40. h4 Kd6 41. Bc4
Nd8 42. Bb3 Nb7 43. Be6 Nf8 44. Bc8 Nd8 45. Ba6 g6 46. Nc4+ Kc7 47. f4 exf4+ 48.
Kxf4 g5+ 49. hxg5 hxg5+ 50. Kg4 Nf7 51. Kh5 Nd6 52. e5 Nxc4 53. Bxc4 fxe5 54.
Kxg5 Kd6 55. Kf6 Nd7+ 56. Kg7 Ke7 57. Bd3 Nf6 58. Be2 e4 59. Bc4 Ne8+ 60. Kg6
Nf6 61. Kg5 Nh7+ 62. Kf4 Nf6 63. b5 cxb5 64. Bxb5 Kd6 65. Ba4 Kd5 66. Bd1 Kd4
67. Bb3 e3 68. Kf3 Kd3 69. Bd1 Kd2 70. Be2 Nd5 71. Ba6 Nf6 72. Bb5 Nd7 73. Ba6
Ne5+ 74. Ke4 Nf7 75. Kf3 Ng5+ 76. Kg4 Ne4 77. Kf3 Nc5 78. Be2 Nd3 79. f6 Ne5+
80. Ke4 Nd7 81. Kf3 Nxf6 82. a6 Nd5 83. Bc4 Nb4 84. Be2 Nd3 85. Bf1 Nf2 86. Be2
Ng4 87. Bb5 Ne5+ 88. Ke4 Nd7 89. Kf3 Nf6 90. Be2 Ne4 91. Bf1 Nc3 92. Bc4 e2 93.
Bxe2 Nxe2 94. Ke4 Kc3 95. Kd5 Kb4 96. Kc6 Nc3 97. Kb7 Nb5 98. Kb8 Kc5 99. Kb7
Kd6 100. Kc8 Kc6 101. Kd8 Kb6 102. Kd7 Kxa6 103. Kc6 Nc3 104. Kc5 Ka5 105. Kc4
Nb5 106. Kb3 a6 107. Kb2 Kb4 108. Ka2 Kc3 109. Ka1 a5 110. Ka2 a4 111. Ka1 Kb3
112. Kb1 Nd4 113. Ka1 a3 114. Kb1 a2+ 115. Ka1 Nc2# {White checkmated} 0-1

[Event "Team 45 45 League T59"]
[Site "Internet Chess Club"]
[Date "2013.12.23"]
[Round "5"]
[White "zap2"]
[Black "MBAStudent"]
[Result "1-0"]
[WhiteElo "1758"]
[BlackElo "1707"]
[Opening "Benko's opening"]
[ECO "A00"]
[Time "09:10:53"]
[TimeControl "2700+45"]

1. g3 d5 2. Bg2 e6 3. Nf3 Nf6 4. d3 c6 5. Nbd2 Qb6 6. O-O Bc5 7. e4 O-O 8. Qe2
Nbd7 9. e5 Ng4 10. h3 Nh6 11. c3 Nf5 12. d4 Be7 13. g4 Nh4 14. Nxh4 Bxh4 15. f4
Be7 16. f5 exf5 17. gxf5 f6 18. e6 Ne5 19. Nf3 Nc4 20. Nh4 Re8 21. Qh5 Bxe6 22.
fxe6 Bf8 23. e7 Rxe7 24. Nf5 Rd7 25. Kh1 Qd8 26. Rg1 Qe8 27. Qg4 g6 28. b3 Nd6
29. Nxd6 Rxd6 30. Bd2 f5 31. Qf3 Re6 32. Rae1 Re4 33. Qd3 Rxe1 34. Rxe1 Qf7 35.
c4 dxc4 36. bxc4 Rd8 37. d5 Bg7 38. Qb3 a6 39. Bb4 Bf8 40. dxc6 bxc6 41. Bxf8
Kxf8 42. Bxc6 Qc7 43. Qa3+ Qd6 44. Re8+ Kg7 45. Qxd6 Rxd6 46. Bd5 Kf6 47. Kg2
Kg5 48. Re7 h5 49. a4 Kf4 50. Kf2 Rb6 51. Rb7 Rd6 52. a5 g5 53. Rb6 Ke5 54. Kg3
f4+ 55. Kf3 Rd7 56. Re6+ Kf5 57. Rxa6 g4+ 58. hxg4+ hxg4+ 59. Kf2 Rh7 60. Re6
Rh2+ 61. Kg1 Ra2 62. a6 f3 63. c5 Rd2 64. Rd6 Rd1+ 65. Kf2 Ra1 66. Kg3 Rg1+ 67.
Kf2 Ra1 68. Bxf3 Ra2+ 69. Be2 g3+ 70. Kxg3 Rxe2 71. a7 Re8 72. Kf3 Ra8 73. Rd7
Ke6 74. c6 Rc8 75. Rd1 Ra8 76. c7 Rc8 77. Ke4 Ra8 78. Rd8 {Black resigns} 1-0

[Event "Team 45 45 League T59"]
[Site "Internet Chess Club"]
[Date "2013.12.27"]
[Round "5"]
[White "toukon"]
[Black "ScotchYeti"]
[Result "0-1"]
[WhiteElo "1713"]
[BlackElo "1697"]
[Opening "Benkö gambit"]
[ECO "A57"]
[Time "16:13:58"]
[TimeControl "2700+45"]

1. d4 Nf6 2. c4 c5 3. d5 b5 4. Qc2 d6 5. e4 g6 6. cxb5 a6 7. Nc3 Bg7 8. a4 O-O
9. Bc4 Nbd7 10. f4 Nb6 11. Be2 Bb7 12. a5 Nbd7 13. b6 e6 14. dxe6 fxe6 15. Nf3
Nh5 16. O-O Nxf4 17. Bxf4 Rxf4 18. Qd2 Be5 19. Nxe5 Rxf1+ 20. Rxf1 Nxe5 21. Qh6
Qe7 22. h3 Rf8 23. Rxf8+ Qxf8 24. Qxf8+ Kxf8 25. Kf2 Ke7 26. Ke3 Nc6 27. Na2 d5
28. exd5 exd5 29. Bf3 Kd6 30. Kd3 Nxa5 31. b4 cxb4 32. Nxb4 Nc4 33. Kd4 Nxb6 34.
Be2 a5 35. Na2 Bc6 36. g3 Nd7 37. Nc3 Nf8 38. Nb5+ Bxb5 39. Bxb5 Ne6+ 40. Kd3
Ng5 41. h4 Ne4 42. Ke3 Nxg3 43. Kf4 Nh5+ 44. Kg5 Ke5 45. Kh6 Nf6 46. Kg7 d4 47.
Kh6 Kd6 48. Kg7 Ke7 49. Ba4 d3 50. Bb5 d2 51. Ba4 Nd5 52. Kxh7 Kf6 {White
resigns} 0-1

[Event "Team 45 45 League T59"]
[Site "Internet Chess Club"]
[Date "2013.12.21"]
[Round "5"]
[White "cepheid"]
[Black "John3v16"]
[Result "1-0"]
[WhiteElo "1603"]
[BlackElo "1646"]
[Opening "Sicilian: Alapin's variation (2.c3)"]
[ECO "B22"]
[Time "23:02:19"]
[TimeControl "2700+45"]

1. e4 c5 2. c3 b6 3. d4 Bb7 4. Bd3 Nf6 5. Qe2 cxd4 6. cxd4 e6 7. Nf3 Nc6 8. Nc3
d6 9. O-O Be7 10. Re1 O-O 11. a3 d5 12. e5 Nd7 13. Qc2 h6 14. Be3 Rc8 15. Qd2 f6
16. exf6 Bxf6 17. Bg6 Ne7 18. Bc2 Ba6 19. Bf4 g5 20. Be5 Qe8 21. Bxf6 Rxf6 22.
Ne5 Nxe5 23. Rxe5 Qf7 24. f3 Nc6 25. Re3 Re8 26. Ba4 Rc8 27. Rae1 Nd8 28. Nb5
Bxb5 29. Bxb5 Qc7 30. Rc3 Qb7 31. Rxc8 Qxc8 32. Rc1 Qb8 33. Qc3 Nb7 34. Qc8+
Qxc8 35. Rxc8+ Rf8 36. Rc6 Nd8 37. Rc8 Nf7 38. Rc7 Nd6 39. Bd7 Rf6 40. Rxa7 Nf5
41. Rb7 Nxd4 42. Rxb6 Kf8 43. Rb4 e5 44. a4 Nc2 45. Rb5 Rd6 46. Rb8+ Ke7 47. Bf5
Ne3 48. Bh7 d4 49. Be4 d3 50. Bxd3 Rxd3 51. a5 Nc4 52. a6 Rd7 53. Rb7 Kd6 54. a7
Rxb7 55. a8=Q Rxb2 56. Qe4 Nd2 57. Qd3+ Ke6 58. Qg6+ Kd5 59. Qxh6 Rb1+ 60. Kf2
Rb2 61. Kg3 Nf1+ 62. Kh3 Rb8 63. Qxg5 Rh8+ 64. Kg4 Nxh2+ 65. Kg3 Nf1+ 66. Kf2
Rh1 67. Qc1 Ke6 68. Qxf1 Rxf1+ 69. Kxf1 e4 70. f4 Kf5 71. g3 Kg4 72. Kf2 Kf5 73.
Ke3 {Black resigns} 1-0

[Event "Team 45 45 League T59"]
[Site "Internet Chess Club"]
[Date "2013.12.22"]
[Round "5"]
[White "semperfi"]
[Black "Gilguli"]
[Result "0-1"]
[WhiteElo "1359"]
[BlackElo "1400"]
[Opening "Queen's pawn game"]
[ECO "D04"]
[Time "14:30:45"]
[TimeControl "2700+45"]

1. d4 d5 2. Nf3 Nf6 3. e3 Bg4 4. Nbd2 Nc6 5. Bd3 e6 6. c3 Bd6 7. O-O Ne7 8. e4
dxe4 9. Nxe4 Nxe4 10. Bxe4 c6 11. Qb3 Qc7 12. Ne5 h5 13. f4 f6 14. Nxg4 hxg4 15.
Qxe6 g5 16. Qxf6 O-O-O 17. Qe6+ Kb8 18. g3 Rdf8 19. Qxg4 gxf4 20. Bxf4 Rfg8 21.
Qe6 Bxf4 22. Rxf4 Qxf4 23. Qxe7 Qe3+ 24. Kh1 Rxh2+ 25. Kxh2 Qxg3+ 26. Kh1 Rh8+
{White resigns} 0-1

[Event "Team 45 45 League T59"]
[Site "Internet Chess Club"]
[Date "2013.12.26"]
[Round "5"]
[White "latayvia"]
[Black "Portola"]
[Result "0-1"]
[WhiteElo "1601"]
[BlackElo "1824"]
[Opening "QGD: exchange, positional line"]
[ECO "D35"]
[Time "20:00:55"]
[TimeControl "2700+45"]

1. d4 d5 2. c4 e6 3. Nc3 Nf6 4. cxd5 exd5 5. Bg5 Be7 6. e3 c6 7. Qc2 O-O 8. Bd3
Nbd7 9. Nge2 Re8 10. O-O Nf8 11. Rab1 a5 12. f3 h6 13. Bh4 Be6 14. Bg3 Bd6 15.
Bxd6 Qxd6 16. e4 dxe4 17. fxe4 Qd8 18. e5 Nd5 19. a3 Ne3 20. Qd2 Nxf1 21. Rxf1
Rc8 22. Ne4 Re7 23. Nf6+ Kh8 24. Rf4 Ng6 25. Bxg6 fxg6 26. Rh4 Qf8 27. Nf4 Qf7
28. Nxe6 h5 29. Ng5 Qc4 30. Nfe4 Rf8 31. Nf3 Qb3 32. h3 Ref7 33. Nc3 Rf5 34. Kh2
Qe6 35. d5 cxd5 36. Qxd5 Qb6 37. b4 axb4 38. Rxb4 Qf2 39. Ne4 Qe3 40. Qd2 Qxa3
41. Rxb7 Qa8 42. Qb2 Qa6 43. e6 Rg8 44. e7 Qe6 45. Nfg5 Qc6 46. Kg1 Re8 47. Qb6
Qc1+ 48. Kh2 Qf4+ 49. Kh1 Qe5 50. Qxg6 Rf1# {White checkmated} 0-1

[Event "Team 45 45 League T59"]
[Site "Internet Chess Club"]
[Date "2013.12.23"]
[Round "5"]
[White "evan7284"]
[Black "misuc56"]
[Result "0-1"]
[WhiteElo "1671"]
[BlackElo "1790"]
[Opening "Queen's pawn game"]
[ECO "D02"]
[Time "15:00:31"]
[TimeControl "2700+45"]

1. d4 d5 2. Nf3 e6 3. Bg5 f6 4. Bf4 c6 5. e3 Bd6 6. Bg3 f5 7. Ne5 Nf6 8. Bh4 O-O
9. Bd3 Nbd7 10. f4 Qe8 11. O-O a6 12. Nd2 c5 13. c3 c4 14. Bc2 b5 15. Kh1 a5 16.
Rg1 Bb7 17. g4 Bxe5 18. fxe5 Nxg4 19. Qf3 Kh8 20. h3 Nh6 21. Qg3 Rg8 22. Nf3 Nf7
23. Qg2 Bc6 24. Bg3 g5 25. Bh2 h6 26. Qf2 Rg7 27. Rg2 Qe7 28. Rag1 Rag8 29. Rg3
Nf8 30. Qg2 Nh7 31. Bb1 Qf8 32. Bc2 h5 33. h4 g4 34. Nd2 Qe7 35. Nf3 Nh6 36. Nd2
Qxh4 37. Nf3 Qe7 {White forfeits on time} 0-1

[Event "Team 45 45 League T59"]
[Site "Internet Chess Club"]
[Date "2013.12.22"]
[Round "5"]
[White "WOLFSPELZ"]
[Black "rubo"]
[Result "1-0"]
[WhiteElo "1547"]
[BlackElo "1628"]
[Opening "Queen's pawn: London system"]
[ECO "A45"]
[Time "16:00:48"]
[TimeControl "2700+45"]

1. d4 Nf6 2. Bf4 d5 3. e3 Bf5 4. Nf3 e6 5. Nbd2 c5 6. Bxb8 Rxb8 7. Bb5+ Ke7 8.
dxc5 Qa5 9. Nd4 Ne4 10. c3 Qc7 11. Nxf5+ exf5 12. Nxe4 dxe4 13. b4 Rd8 14. Qb3
g6 15. O-O Bg7 16. Bc4 Rhf8 17. h3 h5 18. Bd5 Qe5 19. c4 Rd7 20. Rab1 Rc8 21.
Qa4 a6 22. Bxf7 Rd3 23. Bxg6 h4 24. b5 Qxc5 25. bxa6 Ra3 26. Rxb7+ Kf6 27. Qd7
Qf8 28. Qxf5# {Black checkmated} 1-0

[Event "Team 45 45 League T59"]
[Site "Internet Chess Club"]
[Date "2013.12.20"]
[Round "5"]
[White "JohLeb"]
[Black "supermessi"]
[Result "1-0"]
[WhiteElo "1380"]
[BlackElo "1535"]
[Opening "QGD Slav: Slav gambit"]
[ECO "D15"]
[Time "13:00:19"]
[TimeControl "2700+45"]

1. d4 d5 2. c4 c6 3. Nc3 Nf6 4. Nf3 dxc4 5. e4 e6 6. Bxc4 Nbd7 7. O-O Nb6 8. Bb3
Be7 9. h3 O-O 10. Be3 Qc7 11. Rc1 Rd8 12. e5 Nfd7 13. Qc2 Nd5 14. Nxd5 exd5 15.
Bxd5 Nb8 16. Be4 g6 17. Rfd1 Be6 18. d5 Qc8 19. dxe6 Qxe6 20. Rxd8+ Bxd8 21. Rd1
Be7 22. a3 Na6 23. Qc3 Nc7 24. Ng5 Qc8 25. Qc4 Qe8 26. f4 Bxg5 27. fxg5 Qxe5 28.
Rf1 Nd5 29. Bc1 Re8 30. Bxd5 cxd5 31. Qf4 Qe7 32. b4 a6 33. Bb2 Qe3+ 34. Qxe3
Rxe3 35. Rf2 Re1+ 36. Kh2 Kf8 37. Rd2 Rb1 38. Bf6 Rb3 39. Rxd5 Re3 40. Rd7 b5
41. Rd8+ Re8 42. Kg3 Rxd8 43. Bxd8 Ke8 44. Bb6 Kd7 45. Kf4 Kc6 46. Bc5 Kd5 47.
g4 a5 48. h4 a4 49. h5 Kc4 50. hxg6 fxg6 51. Ke5 Kb3 52. Kf6 Kxa3 53. Kg7 Kb3
54. Kxh7 Kc4 55. Be7 a3 56. Kxg6 a2 57. Bf6 Kxb4 58. Kf7 Ka3 59. g6 b4 60. g7 b3
61. g8=Q b2 62. Bxb2+ Kxb2 63. Qa8 a1=Q 64. Qxa1+ Kxa1 65. g5 Kb2 66. g6 Kc3 67.
g7 Kd4 68. g8=Q Ke5 69. Qg6 Kd5 70. Qe6+ Kd4 71. Kf6 Kc5 72. Ke5 Kb5 73. Qd6 Kc4
74. Qd5+ Kc3 75. Ke4 Kc2 76. Qd3+ Kc1 77. Qe2 Kb1 78. Kd3 Kc1 79. Kc3 Kb1 80.
Qb2# {Black checkmated} 1-0

[Event "Team 45 45 League T59"]
[Site "Internet Chess Club"]
[Date "2013.12.20"]
[Round "5"]
[White "conrad9"]
[Black "calsal"]
[Result "0-1"]
[WhiteElo "1408"]
[BlackElo "1683"]
[Opening "Giuoco Pianissimo"]
[ECO "C55"]
[Time "02:00:38"]
[TimeControl "2700+45"]

1. e4 e5 2. Nf3 Nc6 3. Bc4 Nf6 4. d3 Bc5 5. O-O d6 6. c3 Bg4 7. Bg5 Qd7 8. a4 a5
9. Nbd2 O-O-O 10. Re1 h6 11. Be3 Nh7 12. h3 Bh5 13. g4 Bg6 14. d4 exd4 15. cxd4
Bb4 16. Bd3 h5 17. Nh2 Nf6 18. f3 hxg4 19. hxg4 d5 20. Rf1 dxe4 21. Nxe4 Bxe4
22. Bxe4 Nxd4 23. Rc1 Bd6 24. Rf2 Bxh2+ 25. Rxh2 Rxh2 26. Kxh2 Nxe4 27. fxe4 Nc6
28. Qf3 Ne5 29. Qg3 Nxg4+ 30. Kg2 Nxe3+ 31. Qxe3 Qd2+ 32. Qxd2 Rxd2+ {White
resigns} 0-1

[Event "Team 45 45 League T59"]
[Site "Internet Chess Club"]
[Date "2013.12.18"]
[Round "5"]
[White "JeffH"]
[Black "Mitochondria"]
[Result "1-0"]
[WhiteElo "1570"]
[BlackElo "1484"]
[Opening "French: King's Indian attack"]
[ECO "C00"]
[Time "21:00:11"]
[TimeControl "2700+45"]

1. e4 e6 2. d3 Nf6 3. Nf3 Be7 4. g3 b6 5. Bg2 Bb7 6. O-O Nc6 7. Nbd2 O-O 8. Re1
h6 9. b3 Bc5 10. Bb2 Re8 11. e5 Nh7 12. Ne4 Be7 13. Nc3 Rb8 14. d4 Ng5 15. Nh4
Nh7 16. Qg4 Bxh4 17. gxh4 Nb4 18. Bc1 Kh8 19. Bxb7 Rxb7 20. Qe4 Rb8 21. Kh1 Qc8
22. a3 Nc6 23. Qg4 Qb7 24. f3 Ne7 25. Rg1 Nf5 26. Ne2 Rg8 27. c3 Nf8 28. Nf4 Qc8
29. Nh5 Ng6 30. Ng3 Nfxh4 31. Qh5 Kh7 32. Ne4 Nf5 33. Ng5+ Kh8 34. Nxf7+ {Black
resigns} 1-0

[Event "Team 45 45 League T59"]
[Site "Internet Chess Club"]
[Date "2013.12.22"]
[Round "5"]
[White "Zyme"]
[Black "jjaillet2007"]
[Result "1-0"]
[WhiteElo "1428"]
[BlackElo "1361"]
[Opening "QGD: Tarrasch defense"]
[ECO "D32"]
[Time "15:00:41"]
[TimeControl "2700+45"]

1. d4 d5 2. c4 e6 3. Nc3 c5 4. dxc5 Bxc5 5. cxd5 exd5 6. Nxd5 Be6 7. Nc3 Qxd1+
8. Nxd1 Nc6 9. e3 Rd8 10. Bb5 Ne7 11. Nf3 a6 12. Ba4 b5 13. Bc2 Bb4+ 14. Bd2
Bxd2+ 15. Nxd2 Nb4 16. Bb1 Bf5 17. Nc3 Bxb1 18. Rxb1 Nc2+ 19. Ke2 Nb4 20. Rhd1
Ned5 21. Nxd5 Rxd5 22. a3 Nc6 23. Rbc1 Kd7 24. Ne4 Rxd1 25. Rxd1+ Kc7 26. Nc5 a5
27. Rd7+ Kb6 28. Nb3 a4 29. Nd2 Ne5 30. Rd6+ Kc7 31. Rd5 Nc4 32. Nxc4 bxc4 33.
Rc5+ Kb6 34. Rxc4 Kb5 35. Rc7 Rf8 36. Rd7 h6 37. Kd3 Kc6 38. Ra7 Kb5 39. Rb7+
Ka6 40. Rb4 Ka5 41. Ke2 Rc8 42. Kd3 f5 43. Rc4 Rd8+ 44. Kc3 g6 45. Rc6 Rg8 46.
Rc5+ Kb6 47. Kb4 Ra8 48. Rd5 Kc6 49. Ra5 Rb8+ 50. Kc3 Rb3+ 51. Kc2 Rb5 52. Rxb5
Kxb5 53. Kc3 Kc5 54. f3 g5 55. e4 fxe4 56. fxe4 g4 57. g3 h5 58. e5 Kd5 59. e6
Kxe6 60. Kb4 Ke5 61. Kxa4 Ke4 62. Kb3 Kf3 63. a4 Kg2 64. a5 Kxh2 65. a6 Kg2 66.
a7 h4 67. a8=Q+ {Black resigns} 1-0

[Event "Team 45 45 League T59"]
[Site "Internet Chess Club"]
[Date "2013.12.28"]
[Round "5"]
[White "stantheman59"]
[Black "AlPearson"]
[Result "1-0"]
[WhiteElo "1232"]
[BlackElo "1356"]
[Opening "Queen's pawn game"]
[ECO "A45"]
[Time "11:08:23"]
[TimeControl "2700+45"]

1. d4 Nf6 2. e3 g6 3. Bd3 Bg7 4. f4 d6 5. Nd2 Bg4 6. Ngf3 O-O 7. O-O Nc6 8. c3
Nd5 9. Ne4 e5 10. fxe5 dxe5 11. Nf2 Bxf3 12. Qxf3 exd4 13. exd4 Qd7 14. Ng4 Rae8
15. Bd2 h5 16. Nh6+ Kh7 17. Qxh5 Ne3 18. Nxf7+ Kg8 19. Bxg6 Bh6 20. Qxh6 Rxf7
21. Bxf7+ Qxf7 22. Rxf7 Kxf7 23. Bxe3 Ke7 24. Bf4 Kd7 25. Qh3+ Kd8 26. Bg5+ Ne7
27. Re1 b5 28. Bxe7+ Rxe7 29. Rxe7 Kxe7 30. Qf5 a6 31. g4 c6 32. g5 a5 33. g6 b4
34. g7 bxc3 35. bxc3 a4 36. g8=Q a3 37. Qg7+ Kd6 38. Qge5# {Black checkmated}
1-0

[Event "Team 45 45 League T59"]
[Site "Internet Chess Club"]
[Date "2013.12.21"]
[Round "5"]
[White "clarinetref"]
[Black "Electryon"]
[Result "1-0"]
[WhiteElo "1607"]
[BlackElo "1545"]
[Opening "Réti opening"]
[ECO "A13"]
[Time "11:09:03"]
[TimeControl "2700+45"]

1. Nf3 e6 2. c4 c5 3. Nc3 Nc6 4. a3 g6 5. g3 Bg7 6. Bg2 Nge7 7. e3 Nf5 8. O-O
O-O 9. Rb1 d5 10. cxd5 exd5 11. b4 cxb4 12. axb4 d4 13. b5 Ne5 14. Nxe5 dxc3 15.
f4 cxd2 16. Bxd2 Qb6 17. Nc4 Qe6 18. Qb3 Rb8 19. Bb4 Rd8 20. Rfd1 Bd7 21. Bd5
Qe8 22. g4 Ne7 23. Nd6 Qf8 24. Nxf7 Bxg4 25. Nxd8+ Kh8 26. Nf7+ Kg8 27. Nh6+ Kh8
28. Nxg4 Qe8 29. Bc3 Rd8 30. Bxg7+ Kxg7 31. Qc3+ {Black resigns} 1-0

[Event "Team 45 45 League T59"]
[Site "Internet Chess Club"]
[Date "2013.12.22"]
[Round "5"]
[White "PostMike"]
[Black "akshayk06"]
[Result "0-1"]
[WhiteElo "1380"]
[BlackElo "1502"]
[Opening "two knights defense: Lolli attack"]
[ECO "C57"]
[Time "08:00:37"]
[TimeControl "2700+45"]

1. e4 e5 2. Nf3 Nc6 3. Bc4 Nf6 4. Ng5 d5 5. exd5 Nxd5 6. d4 Be7 7. Nxf7 Kxf7 8.
Qf3+ Ke6 9. Nc3 Rf8 10. Bxd5+ Kd6 11. Nb5+ Kd7 12. Qg4+ Ke8 13. Be6 Bxe6 14.
Qxe6 Nxd4 15. Nxd4 Qxd4 16. O-O Rf6 17. Qg8+ Rf8 18. Qxh7 Qg4 19. Be3 Bd6 20. h3
Qe2 21. Qxg7 Qxc2 22. b3 Rd8 23. Qh6 Rd7 24. Qh5+ Kd8 25. Qd1 Qg6 26. Qb1 Qh5
27. Qe4 Kc8 28. Qg4 Qh7 29. h4 Rg8 30. Qh3 Kb8 31. g3 Rdg7 32. Kh1 Qe4+ 33. Kh2
Qf3 34. Qg2 Qg4 35. Qh3 Qf3 36. Qg2 Qh5 37. Qh3 e4 38. Rg1 Qf3 39. Qg2 Qh5 40.
Qh3 Rg4 41. Kh1 Qf5 42. Qf1 Rxh4+ 43. gxh4 Qf3+ {White resigns} 0-1

[Event "Team 45 45 League T59"]
[Site "Internet Chess Club"]
[Date "2013.12.22"]
[Round "5"]
[White "Conjurer"]
[Black "Fogbound"]
[Result "1-0"]
[WhiteElo "1313"]
[BlackElo "1347"]
[Opening "English: Bremen, reverse dragon"]
[ECO "A22"]
[Time "12:00:56"]
[TimeControl "2700+45"]

1. c4 e5 2. Nc3 Nf6 3. g3 d5 4. cxd5 Nxd5 5. Bg2 Nb6 6. d3 Nc6 7. Nf3 Be7 8. O-O
O-O 9. a3 Be6 10. b4 Nd4 11. Nxd4 exd4 12. Ne4 Bd5 13. Bb2 f5 14. Nc5 Bxg2 15.
Kxg2 Qd5+ 16. f3 f4 17. Ne4 fxg3 18. hxg3 Nd7 19. Rc1 Nf6 20. Rxc7 Bd6 21. Nxd6
Qxd6 22. Rc4 Nh5 23. Qe1 Qg6 24. Rxd4 Nf4+ 25. Kf2 Nh3+ 26. Ke3 Qe6+ 27. Re4 Qb3
28. Qc3 Qxc3 29. Bxc3 Rae8 30. Rxe8 Rxe8+ 31. Kd2 Kf7 32. Rh1 Ng5 33. f4 Ne6 34.
Rxh7 Rg8 35. Rh5 g6 36. Rh7+ Ng7 37. Rxg7+ Rxg7 38. Bxg7 Kxg7 39. e4 Kf7 40. d4
Kf6 41. g4 a6 42. a4 {Black resigns} 1-0

[Event "Team 45 45 League T59"]
[Site "Internet Chess Club"]
[Date "2013.12.29"]
[Round "5"]
[White "parrot9"]
[Black "losscause"]
[Result "1/2-1/2"]
[WhiteElo "1652"]
[BlackElo "1609"]
[Opening "QGD Slav: 4.e3"]
[ECO "D11"]
[Time "15:17:19"]
[TimeControl "2700+45"]

1. d4 d5 2. c4 c6 3. Nf3 Nf6 4. e3 a6 5. Qc2 Bg4 6. Ne5 Bh5 7. Nd2 e6 8. a3 Nbd7
9. Ndf3 Nxe5 10. Nxe5 Nd7 11. Nxd7 Qxd7 12. c5 Be7 13. b4 Qc7 14. Bd3 Bg6 15.
O-O Bxd3 16. Qxd3 f5 17. Bd2 O-O 18. a4 e5 19. dxe5 Qxe5 20. Bc3 Qe4 21. Qxe4
fxe4 22. f3 exf3 23. Rxf3 Rxf3 24. gxf3 Rf8 25. Kf2 Bf6 26. Bxf6 Rxf6 27. Rg1 h6
28. Rg4 Re6 29. Rd4 Re7 30. Rf4 Re6 31. Rd4 Re7 32. Rg4 Kf7 33. Rf4+ Kg8 34. Rd4
Kf7 35. Rf4+ Kg8 36. Rd4 {Game drawn by mutual agreement} 1/2-1/2